AoeStats
← AOELG_bravedave92

Fortress

508836532Analyzed
2v2 RM · 9d ago on Sep 24, 2026· 40m 20s· 4 players
Game mode
Random Map
Map size
Normal (6 player)
Population
200
Speed
Normal
Resources
Standard
Victory
Conquest
Starting age
Dark Age
Ending age
Imperial Age
RankedLock teamsTeams togetherTeam positionsShared explorationLock speedFull tech treeHidden civsTurbo modeCheats
Victory
Defeat
🇨🇴 Spanish · Colombia
1134
+15
🇨🇳 Tatars · China
1067
+18
🇩🇪 Persians · Germany
1144
-18
🇨🇭 Celts · Switzerland
1075
-15
AOELG_bravedave92
7:32 Feudal Age
11:41 Castle Age
10:22 Double-Bit Axe
10:19 Horse Collar
10:34 Loom
12:25 Fletching
13:59 Bow Saw
14:52 Bloodlines
17:45 Elite Skirmisher
20:48 Forging
21:07 Heavy Plow
24:11 Husbandry
24:29 Scale Barding Armor
24:28 Padded Archer Armor
25:36 Wheelbarrow
25:55 Iron Casting
30:06 Imperial Age
27:58 Gold Mining
29:25 Thumb Ring
31:06 Gold Shaft Mining
31:19 Hand Cart
31:48 Conscription
30:57 Capped Ram
33:29 Chain Barding Armor
34:29 Bodkin Arrow
34:50 Leather Archer Armor
37:19 Cavalier
37:25 Heavy Camel Rider
39:52 Blast Furnace
39:55 Crop Rotation
40:28 Two-Man Saw
40:20 Plate Barding Armor
40:36 Ballistics
frickman
8:18 Feudal Age
9:37 Double-Bit Axe
12:14 Castle Age
10:48 Padded Archer Armor
10:43 Gold Mining
10:36 Horse Collar
12:13 Fletching
14:16 Gold Shaft Mining
13:46 Loom
16:18 Bodkin Arrow
16:42 Leather Archer Armor
17:47 Elite Skirmisher
19:16 Bodkin Arrow
20:24 Loom
21:41 Wheelbarrow
22:12 Heavy Plow
28:49 Imperial Age
27:24 Pikeman
28:45 Forging
29:19 Scale Mail Armor
30:46 Conscription
32:30 Iron Casting
31:17 Halberdier
33:13 Bow Saw
33:39 Chain Mail Armor
34:56 Ring Archer Armor
36:37 Hand Cart
38:14 Blast Furnace
37:45 Plate Mail Armor
Kick90s
8:05 Feudal Age
9:46 Double-Bit Axe
12:06 Castle Age
10:05 Double-Bit Axe
10:32 Horse Collar
11:16 Gold Mining
14:43 Loom
16:50 Heavy Plow
17:24 Scale Barding Armor
19:44 Wheelbarrow
20:06 Redemption
21:03 Bow Saw
23:16 Bloodlines
23:08 Husbandry
28:03 Imperial Age
26:09 Forging
28:29 Cavalier
30:21 Chemistry
32:41 Stone Mining
33:43 Ballistics
35:43 Light Cavalry
36:41 Hand Cart
36:48 Chain Barding Armor
爱喝酸奶
7:19 Feudal Age
8:04 Double-Bit Axe
9:20 Loom
12:47 Castle Age
12:20 Horse Collar
14:14 Wheelbarrow
13:50 Bow Saw
15:40 Gold Mining
21:54 Hand Cart
21:49 Town Watch
24:01 Fletching
27:42 Gold Shaft Mining
29:54 Imperial Age
28:26 Bodkin Arrow
29:41 Padded Archer Armor
29:47 Murder Holes
30:15 Ballistics
29:38 Treadmill Crane
30:19 Ballistics
29:57 Murder Holes
31:10 Heavy Cavalry Archer
31:26 Light Cavalry
32:46 Ballistics
32:38 Bracer
33:10 Heavy Plow
35:36 Husbandry
35:49 Bloodlines
35:03 Hussar
38:02 Scale Barding Armor
38:07 Forging
39:19 Leather Archer Armor
40:42 Iron Casting
40:14 Stone Mining
Connection lost

Rejoining the realm…

Still unreachable

The connection could not be restored.

Session expired

The server has moved on; the page needs a fresh start.